Map: Néo-Gettysburg EC

Players

zidar - Winner!

  • Race: Zerg Zerg
  • League: Platinum
  • Spawn Location: 7:00

Stan

  • Race: Terran Terran
  • League: Platinum
  • Spawn Location: 5:00

VOD

Have the link to the VOD?

Description

Time

  • Played on: Nov. 4, 2016, 4:04 p.m.
  • Length: 32:30
Show
View Real Time Build Order
Export as new Build Order

zidar Zerg - Winner!

Build Orders: Hatch First 

Get SALT Encoding   

  12  0:01  Drone  
  13  0:13  Overlord  
  13  0:26  Drone  
  14  0:31  Drone  
  15  0:37  Drone  
  16  0:51  Hatchery  
  16  0:56  Drone  
  16  1:00  Extractor  
  15  1:06  Drone  
  16  1:20  Spawning Pool  
  16  1:22  Drone  
  16  1:31  Drone  
  16  1:32  Drone  
  18  1:39  Drone  
  19  2:07  Queen x2  
  19  2:08  Metabolic Boost  
  23  2:11  Zergling x2  
  23  2:13  Zergling x2  
  25  2:16  Zergling x2  
  26  2:23  Overlord  
  26  2:27  Drone  
  27  2:36  Drone  
  28  2:55  Baneling Nest  
  28  2:58  Pneumatized Carapace  
  27  3:02  Drone x5  
  31  3:39  Lair  
  31  3:46  Extractor, Evolution Chamber  
  29  3:50  Drone x5  
  29  3:51  Overlord x2, Extractor x2  
  29  3:53  Overlord  
  32  3:58  Baneling x2  
  32  4:00  Baneling  
  32  4:18  Baneling  
  32  4:21  Drone x8  
  40  5:07  Evolution Chamber  
  40  5:09  Spire  
  36  5:45  Overlord x2  
  36  5:56  Zergling x12  
  36  5:57  Zergling x8  
  46  5:59  Centrifical Hooks  
  46  6:15  Zerg Ground Armor Level 1  
  46  6:17  Zerg Melee Weapons Level 1  
  46  6:19  Baneling x7  
  46  6:21  Zergling x12  
  52  6:26  Zerg Flyer Weapons Level 1  
  52  6:32  Drone x3, Infestation Pit  
  54  6:44  Drone x3  
  54  6:45  Hatchery  
  56  6:48  Drone  
  59  6:54  Drone x4  
  59  6:58  Baneling x3  
  61  7:13  Hive  
  61  7:15  Drone x3  
  64  7:16  Drone  
  65  7:22  Queen  
  67  7:30  Overseer  
  67  7:38  Overseer  
  67  8:05  Zergling x14  
  74  8:12  Baneling  
  74  8:13  Baneling  
  74  8:14  Baneling x10  
  74  8:22  Overlord x3  
  74  8:28  Adrenal Glands  
  77  8:41  Drone x12  
  86  8:58  Zerg Ground Armor Level 2, Ultralisk Cavern  
  86  8:59  Zerg Melee Weapons Level 2  
  85  9:03  Drone x5  
  85  9:06  Overlord x4  
  90  9:16  Extractor  
  89  9:21  Zerg Flyer Weapons Level 2  
  89  9:28  Zergling x22  
  100  9:38  Drone x4  
  100  9:39  Drone  
  105  9:46  Extractor  
  105  9:47  Chitinous Plating  
  104  10:08  Drone x3  
  106  10:23  Ultralisk x2  
  106  10:27  Overlord  
  106  10:28  Overlord x4  
  118  10:41  Hatchery x2  
  118  10:42  Drone x3  
  119  10:59  Overlord  
  119  11:00  Overlord  
  119  11:01  Overlord  
  119  11:04  Hatchery  
  119  11:05  Corruptor x3  
  119  11:06  Corruptor x3  
  130  11:16  Zerg Ground Armor Level 3  
  130  11:19  Zerg Melee Weapons Level 3  
  130  11:46  Ultralisk x3  
  148  11:52  Ultralisk  
  154  12:22  Zerg Flyer Weapons Level 3  
  154  12:28  Ultralisk x2  
  154  12:29  Zergling x16  
  178  12:30  Zergling x12  
  178  12:31  Zergling x2  
  175  13:22  Drone x3  
  175  13:23  Drone x3  
  181  13:57  Ultralisk  
  181  13:58  Ultralisk  
  181  13:59  Ultralisk  
  199  14:32  Zerg Missile Weapons Level 1  
  199  14:34  Extractor  
  199  14:35  Extractor  
  197  14:55  Drone x2  
  149  15:37  Corruptor x4  
  149  15:38  Corruptor x2  
  89  17:45  Spawning Pool  
  88  18:17  Drone x9  
  88  18:18  Drone x7  
  104  18:31  Lair  
  104  18:41  Queen  
  106  18:42  Queen  
  106  18:47  Extractor  
  107  18:49  Extractor  
  106  19:20  Hatchery  
  106  19:21  Drone x3  
  108  19:41  Spire  
  107  19:47  Overseer  
  107  19:58  Overseer  
  107  20:00  Overseer  
  107  20:09  Zergling x40  
  127  20:26  Infestation Pit  
  126  20:29  Drone x3  
  126  20:30  Drone  
  130  20:43  Evolution Chamber  
  129  20:55  Corruptor x2  
  129  20:56  Corruptor x3  
  137  20:57  Corruptor x3  
  137  20:58  Corruptor x2  
  138  22:14  Overlord x5  
  138  22:15  Overlord x5  
  138  22:38  Hatchery  
  137  22:47  Spore Crawler  
  136  23:09  Hatchery  
  134  23:43  Corruptor x2  
  134  23:44  Corruptor x3  
  134  23:45  Corruptor x4  
  134  23:46  Corruptor x2  
  134  23:47  Corruptor  
  156  24:13  Zergling x12  
  160  24:47  Zergling x16  
  160  24:48  Zergling x10  
  66  26:10  Infestation Pit  
  60  26:15  Corruptor  
  60  26:16  Corruptor x3  
  60  26:17  Corruptor x4  
  60  26:46  Overseer  
  60  26:48  Overseer x3  
  60  26:59  Drone x12  
  72  27:18  Hatchery, Hive  
  71  27:31  Hatchery  
  69  28:08  Extractor  
  68  28:12  Extractor  
  67  28:26  Drone x9  
  76  28:49  Greater Spire  
  76  28:53  Ultralisk Cavern  
  75  29:02  Drone x3  
  78  29:28  Mutalisk x8  
  78  29:30  Mutalisk x2  
  78  29:31  Mutalisk x6  
  98  29:32  Mutalisk  
  98  29:33  Mutalisk x5  
  122  30:02  Brood Lord x2  
  122  30:03  Brood Lord x4  
  122  30:06  Zergling x30  
  122  30:07  Zergling x2  
  150  30:08  Ultralisk x2  
  150  30:09  Ultralisk x4  
  150  30:10  Ultralisk x2  
  198  30:27  Zerg Flyer Armor Level 1  
Show
View Real Time Build Order
Export as new Build Order

Stan Terran 

Build Orders:  

Get SALT Encoding   

  12  0:01  SCV  
  13  0:13  SCV  
  14  0:25  SCV  
  15  0:28  Supply Depot  
  15  0:42  Refinery  
  15  0:50  SCV  
  15  0:53  Barracks  
  16  1:02  SCV  
  17  1:14  SCV  
  18  1:19  Barracks  
  18  1:26  SCV  
  19  1:35  Supply Depot  
  19  1:38  SCV  
  20  1:42  Barracks Reactor  
  20  1:50  SCV  
  21  2:02  SCV  
  21  2:07  Barracks Tech Lab  
  21  2:08  Bunker  
  22  2:18  Reaper x2  
  24  2:28  Marauder  
  26  2:37  Command Center  
  26  2:38  Bunker  
  26  2:54  Marine x2  
  26  2:58  SCV  
  29  3:03  Factory  
  29  3:10  SCV  
  29  3:12  Marine  
  30  3:33  Marauder  
  31  3:44  Barracks  
  31  3:49  Marine x2, Factory Tech Lab  
  31  3:54  Marauder, Refinery  
  31  3:55  SCV  
  36  4:00  Supply Depot  
  36  4:06  Marine, Combat Shield  
  36  4:07  SCV  
  38  4:19  SCV  
  38  4:22  SCV  
  38  4:23  Engineering Bay  
  40  4:28  Marine x2  
  43  4:31  SCV  
  43  4:33  Barracks Tech Lab  
  43  4:43  SCV  
  44  4:55  Missile Turret  
  44  4:56  SCV  
  44  4:59  Marauder  
  47  5:01  Marauder  
  47  5:02  Siege Tank  
  52  5:07  SCV  
  52  5:08  SCV  
  54  5:17  Missile Turret  
  54  5:21  Concussive Shells  
  53  5:51  SCV  
  53  5:52  Missile Turret  
  53  5:56  Refinery  
  54  6:00  Refinery  
  54  6:13  Missile Turret  
  54  6:15  Supply Depot  
  54  6:36  Marine x2  
  54  6:37  Marauder x2, SCV  
  61  6:41  Starport  
  61  6:49  SCV  
  62  6:54  Command Center  
  62  6:57  Missile Turret  
  62  7:10  Supply Depot  
  62  7:23  Missile Turret  
  62  7:27  Missile Turret  
  62  7:31  Marine x2  
  62  7:32  Viking, SCV x2  
  62  7:33  Supply Depot  
  70  7:44  SCV x2  
  70  7:50  Missile Turret  
  70  7:54  Unknown  
  70  7:55  Marauder, Supply Depot, Siege Tank  
  75  8:02  Viking  
  77  8:26  Supply Depot  
  77  8:27  Siege Tank  
  77  8:29  Terran Infantry Weapons Level 1  
  77  8:33  Starport  
  80  8:39  Starport  
  80  8:47  Command Center  
  80  8:55  Viking  
  80  8:59  Supply Depot  
  82  9:14  SCV  
  83  9:19  Missile Turret  
  83  9:25  Viking  
  83  9:26  SCV, Starport Tech Lab  
  83  9:27  Starport Tech Lab  
  86  9:33  Missile Turret  
  87  9:38  SCV  
  87  9:43  Missile Turret  
  89  9:46  Marauder x2  
  89  9:48  Marine x2  
  89  9:50  SCV  
  94  9:53  Siege Tank  
  94  9:55  Missile Turret, Supply Depot  
  97  10:02  SCV  
  97  10:05  Marine  
  97  10:06  Marine  
  102  10:07  Marauder x2  
  102  10:08  Planetary Fortress  
  102  10:09  Missile Turret  
  102  10:13  Starport Tech Lab  
  104  10:14  Cloaking Field, SCV  
  104  10:16  Missile Turret  
  105  10:23  Marine x2, Hi-Sec Auto Tracking  
  105  10:26  Supply Depot  
  105  10:27  SCV  
  112  10:28  Marauder x2  
  112  10:31  Missile Turret  
  112  10:36  Missile Turret  
  112  10:39  SCV  
  112  10:41  Marine x2  
  115  10:44  Banshee x2  
  115  10:47  Siege Tank  
  126  10:50  Marauder  
  126  10:51  Missile Turret, SCV  
  126  10:56  Missile Turret  
  127  11:03  SCV  
  128  11:11  Missile Turret  
  128  11:15  SCV  
  128  11:16  Missile Turret  
  128  11:18  SCV  
  130  11:28  Refinery  
  130  11:30  SCV x2  
  130  11:32  Refinery  
  132  11:33  Banshee x3  
  132  11:37  Missile Turret, Terran Infantry Armor Level 1  
  141  11:42  Refinery, SCV x2  
  141  11:44  Refinery  
  143  11:54  SCV x2  
  143  11:58  Starport  
  143  12:00  Missile Turret  
  145  12:06  SCV x2  
  147  12:18  SCV  
  147  12:20  Orbital Command  
  148  12:38  Missile Turret  
  148  12:44  Starport Reactor, Command Center  
  148  12:51  Banshee x2, Supply Depot  
  154  13:12  Banshee  
  151  13:26  Starport  
  151  13:30  Planetary Fortress  
  151  13:34  Banshee x2  
  151  13:41  Viking x2  
  158  13:47  Marauder x2  
  162  13:55  Banshee  
  162  13:57  Missile Turret  
  165  14:03  Armory  
  165  14:05  Starport Reactor  
  165  14:06  Armory  
  165  14:08  Marauder x2  
  169  14:11  Viking x2  
  173  14:17  Banshee x2  
  179  14:28  Siege Tank  
  179  14:30  Marauder x2  
  186  14:52  Command Center  
  186  15:11  Viking x2, Banshee  
  186  15:12  Siege Tank, Banshee  
  114  15:27  Banshee  
  112  15:34  Planetary Fortress  
  93  15:41  Viking  
  85  16:17  Orbital Command  
  82  16:32  Engineering Bay  
  82  16:52  Orbital Command  
  65  18:01  Supply Depot  
  65  18:03  Missile Turret  
  65  18:24  Supply Depot  
  65  18:31  Supply Depot  
  65  18:45  SCV  
  66  18:48  Supply Depot  
  66  18:54  Supply Depot  
  66  18:58  SCV  
  67  19:03  SCV  
  68  19:10  SCV  
  68  19:15  SCV  
  68  19:16  Barracks  
  70  19:20  Supply Depot  
  70  19:27  SCV  
  70  19:28  Missile Turret  
  70  19:30  Missile Turret  
  71  19:32  Missile Turret, SCV  
  72  19:40  SCV  
  72  19:42  Supply Depot  
  72  19:44  SCV  
  74  19:47  Command Center  
  74  19:52  SCV  
  75  19:54  Command Center  
  75  19:56  SCV  
  75  19:58  Command Center  
  76  20:04  Factory  
  76  20:08  Missile Turret, SCV  
  76  20:13  Missile Turret  
  77  20:17  Missile Turret  
  77  20:19  Supply Depot  
  77  20:20  SCV  
  78  20:29  Marine  
  78  20:32  SCV  
  80  20:38  Missile Turret  
  80  20:42  Missile Turret  
  80  20:44  SCV  
  80  20:47  Marine  
  82  20:51  Missile Turret  
  82  20:54  Missile Turret  
  82  20:56  SCV  
  83  21:03  Factory Tech Lab  
  83  21:04  Planetary Fortress  
  83  21:05  Marine  
  83  21:09  Missile Turret  
  83  21:10  Planetary Fortress  
  83  21:11  Planetary Fortress, Starport  
  84  21:15  Starport  
  84  21:23  Marine  
  82  21:34  Missile Turret  
  81  21:41  Marine  
  81  21:42  Missile Turret  
  81  21:44  Siege Tank  
  81  21:47  Missile Turret  
  83  21:53  Starport  
  83  21:57  Starport Tech Lab  
  79  22:09  Missile Turret  
  79  22:12  Missile Turret  
  79  22:16  Siege Tank  
  82  22:41  Supply Depot  
  82  22:46  Orbital Command  
  82  22:47  Starport Reactor  
  82  22:53  Command Center  
  82  23:09  Starport Reactor  
  81  23:13  SCV  
  82  23:21  Banshee  
  82  23:22  Missile Turret  
  82  23:24  Viking x2  
  82  23:25  SCV  
  90  23:35  Missile Turret  
  90  23:37  SCV  
  91  23:49  SCV  
  91  23:54  Viking x2  
  91  23:55  Missile Turret  
  96  24:01  SCV  
  97  24:04  Banshee  
  97  24:16  Missile Turret  
  97  24:19  Viking x2  
  102  24:24  Viking x2  
  102  24:26  Marine  
  102  24:29  Planetary Fortress  
  106  24:33  Missile Turret  
  106  24:44  Marine  
  107  24:47  Banshee  
  107  24:49  Viking x2  
  114  24:54  Viking x2  
  118  25:02  Marine  
  105  25:24  Viking x2  
  86  25:30  Banshee  
  43  25:52  Siege Tank  
  46  26:09  Viking x2  
  50  26:13  Banshee  
  53  26:24  Siege Tank  
  53  26:39  Viking x2  
  54  26:47  Marine  
  54  26:53  Refinery  
  55  26:55  Refinery, Banshee  
  55  26:56  Siege Tank  
  61  27:01  Medivac  
  61  27:05  Marine  
  61  27:08  SCV  
  65  27:09  Viking x2  
  69  27:20  SCV  
  70  27:23  Marine  
  70  27:28  Siege Tank  
  70  27:29  SCV  
  75  27:32  SCV  
  76  27:37  Missile Turret  
  76  27:38  Banshee  
  76  27:39  Viking x2  
  76  27:40  Marine  
  76  27:41  SCV  
  85  27:44  SCV  
  83  27:56  SCV  
  84  27:58  Marine  
  85  28:09  Viking  
  87  28:21  Missile Turret, Banshee  
  90  28:29  Refinery  
  90  28:31  Refinery  
  90  29:00  SCV  
  91  29:03  SCV  
  91  29:04  Banshee  
  91  29:07  SCV  
  96  29:12  SCV  
  96  29:15  SCV  
  98  29:19  SCV  
  98  29:23  Viking x2  
  103  29:27  Viking, SCV  
  103  29:31  SCV  
  107  29:43  SCV  
  108  29:53  Viking x2  
  108  29:55  SCV  
  108  29:58  Refinery  
  113  30:01  Refinery  
  113  30:09  Viking  
  113  30:10  Viking  
  117  30:18  SCV  
  118  30:23  Viking x2  
  122  30:30  SCV  
  123  30:42  SCV  
  124  30:49  Command Center  
  124  30:54  SCV  
  124  30:55  Viking x2  
  129  30:57  Viking x2  
  133  31:06  SCV  
  126  31:25  Viking x2  
  94  31:27  Viking x2  
Tags
 
Add a new tag
Caveats
  • Supply blocks, unpowered buildings, or Contaminate may cause inaccurate times.
  • Supply counts are checked every 10 seconds.